 Dungeon Crawl Stone Soup version 0.16-a0-3499-gfbbdc41 (webtiles) character file.

71 Minkie the Changer (level 4, -4/35 HPs)
             Began as a Draconian Transmuter on Jan 5, 2015.
             Killed from afar by an orc wizard (8 damage)
             ... with a puff of flame
             ... on level 3 of the Dungeon.
             The game lasted 00:06:46 (2630 turns).

Minkie the Changer (Draconian Transmuter)           Turns: 2630, Time: 00:06:46

Health: -4/35      AC:  8    Str: 12    XL:     4   Next: 5%
Magic:  7/7        EV:  9    Int: 14    God:
Gold:   132        SH:  6    Dex: 12    Spells: 2 memorised, 3 levels left

rFire  . . .     SeeInvis .     q - +2 whip (elec)
rCold  . . .     Clarity  .     (armour unavailable)
rNeg   . . .     SustAb   .     n - +0 shield
rPois  .         Gourm    .     (helmet restricted)
rElec  .         Spirit   .     m - +2 cloak
rCorr  .         Warding  .     (no gloves)
rMut   .         Stasis   .     (no boots)
MR     .....                    (no amulet)
Stlth  +.........               (no ring)
                                (no ring)

@: not resistant to hostile enchantments, very unstealthy
A: unfitting armour, cold-blooded, AC +5
a: no special abilities


You were on level 3 of the Dungeon.
You were hungry.

You visited 1 branch of the dungeon, and saw 3 of its levels.

You collected 132 gold pieces.

Inventory:

Hand weapons
 q - a +2 whip of electrocution (weapon)
Missiles
 b - 12 arrows
Armour
 m - a +2 cloak (worn)
 n - a +0 shield (worn)
Scrolls
 f - a scroll of noise {unknown}
 i - 2 scrolls of remove curse {unknown}
 l - a scroll of recharging {unknown}
 p - a scroll of enchant armour {unknown}
Potions
 e - a potion of cancellation
 j - a potion of brilliance {unknown}
 k - a potion of haste {unknown}
Books
 d - a book of Changes

   Spells                             Type                      Level
   a - Beastly Appendage              Transmutation                1
   b - Sticks to Snakes               Transmutation                2
   c - Spider Form                    Transmutation/Poison         3
   d - Ice Form                       Ice/Transmutation            4
   e - Blade Hands                    Transmutation                5
Comestibles
 a - 2 bread rations
 c - 2 meat rations
 g - 6 chunks of flesh
 h - a beef jerky


   Skills:
 - Level 1.1 Fighting
 - Level 1.7 Dodging
 - Level 3.0 Unarmed Combat
 - Level 2.0 Spellcasting
 + Level 4.3 Transmutations


You had 3 spell levels left.
You knew the following spells:

 Your Spells              Type           Power        Failure   Level  Hunger
a - Beastly Appendage     Trmt           ##....       30%         1    ##.....
b - Spider Form           Trmt/Pois      #.........   99%         3    ####...


Dungeon Overview and Level Annotations

Branches:
Dungeon (3/15)

Altars:
Fedhas
The Shining One


Innate Abilities, Weirdness & Mutations

Your plain brown scales are hard (AC +5).
Your body does not fit into most forms of armour.
Your cold-blooded metabolism reacts poorly to cold.


Message History

* * * LOW HITPOINT WARNING * * *
You hit the orc wizard.
The orc wizard is heavily wounded.
You block the orc wizard's attack.
The orc wizard hits you but does no damage. x2
The orc wizard hits you with a dagger.
* * * LOW HITPOINT WARNING * * *
You barely miss the orc wizard.
The orc wizard is heavily wounded.
The orc wizard hits you but does no damage.
The orc wizard points at you and mumbles some strange words.
The magic dart hits you!
* * * LOW HITPOINT WARNING * * *
The orc wizard mumbles some strange words.
The orc wizard blinks!
You closely miss the orc wizard.
You feel sick.
You are no longer poisoned.
The orc wizard gestures at you while chanting.
The puff of flame hits you!
You die...

#.....#
...###.....#
............
(.......K...# ....
#K# #..# #.#####
#... #.....#
#...#####.....#
#.o.@ยง..).....+
##.#o####.....# #
#.......#.....#
..#####.#.#.#####
..........#.#
..........##.#
..........##.#
........#.##.#####
.####..#...[......


You could see 2 orc wizards.

Vanquished Creatures
  2 adders
  A worm (D:3)
  An orc (D:3)
  3 giant cockroaches
  8 hobgoblins
  A quokka (D:2)
  A ball python (D:1)
  5 bats
  A giant gecko (D:2)
  7 giant newts
  7 goblins
  A jackal (D:1)
  8 kobolds
  A rat (D:2)
47 creatures vanquished.

Notes
Turn   | Place    | Note
--------------------------------------------------------------
     0 | D:1      | Minkie, the Draconian Transmuter, began the quest for the Orb.
     0 | D:1      | Reached XP level 1. HP: 16/16 MP: 3/3
   386 | D:1      | Reached XP level 2. HP: 18/23 MP: 4/4
  1388 | D:2      | Reached XP level 3. HP: 28/28 MP: 6/6
  1711 | D:2      | Learned a level 3 spell: Spider Form
  1964 | D:2      | Found a glowing golden altar of the Shining One.
  1982 | D:2      | Found a blossoming altar of Fedhas.
  2057 | D:3      | Reached skill level 4 in Transmutations
  2485 | D:3      | Reached XP level 4. HP: 28/35 MP: 7/7
  2630 | D:3      | Killed from afar by an orc wizard

Action                   |  1- 3 |  4- 6 || total
-------------------------+-------+-------++-------
Melee: Unarmed           |    32 |       ||    32
       Short sword       |   113 |       ||   113
       Whip              |    12 |    20 ||    32
  Use: Potion            |       |     1 ||     1
  Eat: Chunk             |     4 |     1 ||     5
